 Dungeon Crawl Stone Soup version 0.30-a0-860-g512cf1e979 (webtiles) character file.

Game seed: 2216064799150197567

77 BattleRest the Covered (level 4, -1/40 HPs)
             Began as an Armataur Fighter on Mar 8, 2023.
             Killed from afar by Natasha (4 damage)
             ... with a magic dart
             ... on level 2 of the Dungeon.
             The game lasted 00:02:26 (1378 turns).

BattleRest the Covered (Armataur Fighter)           Turns: 1378, Time: 00:02:27

Health: -1/40      AC:  7    Str: 24    XL:     4   Next: 14%
Magic:  4/4        EV:  7    Int:  8    God:
Gold:   81         SH:  4    Dex:  9    Spells: 3/3 levels left

rFire   . . .      SeeInvis .    a - +0 flail
rCold   . . .      Faith    .    c - +0 buckler
rNeg    . . .      Spirit   .    b - +0 scale mail
rPois   .          Reflect  .    (no helmet)
rElec   .          Roll     +    (no cloak)
rCorr   .                        (no gloves)
Will    .....                    (no barding) Stlth
                                 (no amulet)
HPRegen 0.26/turn                (no ring)
MPRegen 0.09/turn                (no ring)

@: slowed, very slow
A: large, rugged brown scales 3, deformed body, armoured tail, roll, long
tongue, awkward tongue
a: no special abilities


You were on level 2 of the Dungeon.
You visited 1 branch of the dungeon, and saw 2 of its levels.

You collected 81 gold pieces.

Inventory:

Hand Weapons
 a - a +0 flail (weapon)
Armour
 b - a +0 scale mail (worn)
 c - a +0 buckler (worn)
Scrolls
 f - a scroll of silence {unknown}
 h - 2 scrolls of identify {unknown}
 i - a scroll of blinking {unknown}
 k - a scroll of fear {unknown}
 l - a scroll of noise {unknown}
Potions
 d - a potion of might
 e - a potion of lignification {unknown}
 g - 3 potions of curing {unknown}
 j - a potion of berserk rage {unknown}
 m - a potion of flight {unknown}


   Skills:
 + Level 3.2 Fighting
 + Level 2.5 Maces & Flails
 + Level 4.3 Armour
 + Level 3.9 Shields


You had 3 spell levels left.
You didn't know any spells.
Your spell library contained the following spells:

 Spells                   Type           Power      Damage    Failure   Level
 Beastly Appendage        Tmut           0%         N/A       77%         1
 Wereblood                Tmut           0%         N/A       88%         2
 Spider Form              Tmut/Pois      0%         N/A       98%         3


Dungeon Overview and Level Annotations

Branches:
Dungeon (2/15)

Altars:

Annotations:
D:2 Natasha


Innate Abilities, Weirdness & Mutations

You are completely covered in rugged brown scales. (AC +3, +7% HP)
Armour fits poorly on your strangely shaped body.
You have a long armoured tail.
You roll when moving toward enemies. (Rampage)
Your long tongue fully drains potion bottles. (2x potion effects)
Your tongue gives you trouble enunciating. (1.5x scroll delay)


Message History

Natasha yowls pathetically as she dies!
The white imp disappears in a puff of smoke!
The crimson imp disappears in a puff of smoke!
You have reached level 4!
You feel stronger.
You start resting.
HP restored.
You start waiting.
You feel yourself speed up.
You see here the felid corpse of Natasha.
There is an open door here.
You now have 81 gold pieces (gained 9).
Found a dagger.
There is an open door here.
Natasha, Servant of Life and Death comes into view.
Natasha hisses angrily.
Natasha stares at you and mumbles some strange words.
You resist with some effort.
Natasha is nearby!
Natasha casts a spell at you.
You feel yourself slow down.
Natasha mumbles some strange words.
Natasha stares at you and mumbles some strange words.
The magic dart hits you.
Natasha stares at you and mumbles some strange words.
The magic dart hits you. The white imp gestures at you.
The puff of frost hits you! Natasha attacks as you move away!
Natasha barely misses you. Natasha claws you. Natasha attacks as you move away!
Natasha claws you but does no damage. The white imp attacks as you move away!
The white imp hits you but does no damage.
The white imp gestures at you. The puff of frost hits you.
* * * LOW HITPOINT WARNING * * *
Natasha claws you!
* * * LOW HITPOINT WARNING * * *
Natasha casts a spell at you. The magic dart hits you.
You die...

.#..........##################
.......#.....................#
...........#.........#######.#
##.........#.........'.# #.#
...........#.........#.#####.#
###.#.....................##.#
#.........#.##.##'###..#.##.#
#..###....#'##.##.#.........#
#..# #.......h.@†.....<#.####
##..#
#.......5###.##..##.#######
....# #........#
#............... ....#
##.......##########.#######
..### #.......'..........##.#
#### #.......####.##.......#
...# #.......'.....#######.#
##.# #.......####..........#
#.# #######.####.#############


You could see Natasha and a white imp (summoned).

Vanquished Creatures
  Natasha (twice) (D:2)
  3 endoplasms
  3 giant cockroaches
  A goblin (D:1)
  3 hobgoblins (D:1)
  4 kobolds (D:1)
  4 quokkas
  2 ball pythons
  A bat (D:2)
  A frilled lizard (D:1)
24 creatures vanquished.

Notes
Turn   | Place    | Note
-------+----------+-------------------------------------------
     0 | D:1      | BattleRest the Armataur Fighter began the quest for the
                  | Orb.
     0 | D:1      | Reached XP level 1. HP: 19/19 MP: 1/1
   153 | D:1      | Reached XP level 2. HP: 22/26 MP: 2/2
   798 | D:2      | Reached skill level 4 in Armour
   981 | D:2      | Noticed Natasha
   995 | D:2      | Noticed a crimson imp
   997 | D:2      | Killed Natasha
   998 | D:2      | Reached XP level 3. HP: 7/33 MP: 3/3
  1257 | D:2      | Noticed Natasha
  1268 | D:2      | Killed Natasha
  1269 | D:2      | Reached XP level 4. HP: 38/40 MP: 4/4
  1365 | D:2      | Noticed Natasha
  1378 | D:2      | Killed from afar by Natasha

Illustrated notes

Levels and vault maps discovered:
D:1:      minmay_arrival_shoal_huts, layout_basic, minmay_misc_feat_ornament
D:2:      layout_basic, uniq_natasha

Skill      XL: |  1  2 |
---------------+-------+-----
Maces & Flails | 2 |  2.5
Armour         | 4 |  4.3
Fighting       | 3 |  3.2
Shields        | |  3.9

Action                     |  1- 3 |  4- 6 || total
---------------------------+-------+-------++-------
  Melee: Flail             |    88 |       ||    88
         Tailslap          |     6 |       ||     6
    Use: Potion            |     1 |       ||     1
 Armour: Scale mail        |    46 |     2 ||    48
  Dodge: Dodged            |    22 |     1 ||    23
  Block: Buckler           |    21 |       ||    21

Table legend: (Time is in decaauts)
 A = Elapsed time spent in this place.
 B = Non-inter-level travel time spent in this place.
 C = Inter-level travel time spent in this place.
 D = Time resting spent in this place.
 E = Time spent auto-exploring this place.
 F = Levels seen in this place.
 G = Mean time per level.
                   A        B        C        D        E       F      G
               +--------+--------+--------+--------+--------+-----+--------+
         Total |   1418 |   1415 |      3 |    125 |   1071 |   2 |  709.0 |
       Dungeon |   1418 |   1415 |      3 |    125 |   1071 |   2 |  709.0 |
               +--------+--------+--------+--------+--------+-----+--------+

Top non-repeatable levels by time:
     D:1: 745 daAuts
     D:2: 672 daAuts
